Map: King's Cove LE

Players

A.I. 1 (Elite)

  • Race: Protoss Protoss
  • Spawn Location: 5:00

A.I. 2 (Elite) - Winner!

  • Race: Terran Terran
  • Spawn Location: 11:00

VOD

Have the link to the VOD?

Description

Time

  • Played on: Feb. 7, 2019, 12:17 a.m.
  • Length: 14:23
Show
View Real Time Build Order
Export as new Build Order

A.I. 1 (Elite) Protoss 

Build Orders:  

Get SALT Encoding   

  12  0:01  Probe  
  13  0:13  Probe  
  14  0:21  Pylon  
  14  0:25  Probe  
  15  0:35  Probe  
  16  0:43  Probe  
  17  0:50  Assimilator  
  17  0:52  Gateway, Probe  
  18  0:58  Assimilator  
  18  1:00  Probe  
  18  1:08  Probe  
  19  1:11  Pylon  
  20  1:27  Probe  
  22  1:40  Probe  
  22  1:41  Cybernetics Core  
  22  1:42  Zealot  
  24  1:51  Probe  
  25  1:59  Probe  
  25  2:07  Probe  
  27  2:18  Probe  
  27  2:21  Stargate  
  28  2:23  Stargate  
  28  2:27  Pylon  
  28  2:30  Probe  
  29  2:38  Pylon  
  29  2:53  Probe  
  30  3:04  Void Ray  
  34  3:06  Probe  
  34  3:12  Void Ray  
  39  3:34  Nexus  
  39  3:43  Probe  
  40  3:54  Probe  
  41  4:02  Probe  
  42  4:10  Probe  
  42  4:13  Pylon  
  43  4:21  Probe  
  44  4:33  Probe  
  44  4:35  Gateway  
  45  4:42  Probe  
  45  4:44  Pylon  
  46  4:46  Probe  
  46  4:48  Void Ray  
  46  4:50  Probe  
  51  4:58  Probe x2  
  53  5:01  Void Ray  
  53  5:06  Probe  
  58  5:10  Probe  
  60  5:15  Probe  
  60  5:18  Assimilator  
  61  5:21  Warp Gate  
  61  5:22  Probe  
  61  5:27  Probe  
  63  5:31  Phoenix  
  63  5:33  Assimilator  
  63  5:34  Probe  
  66  5:37  Pylon  
  66  5:39  Probe  
  67  5:44  Void Ray  
  67  5:46  Robotics Facility  
  67  5:47  Probe x2  
  72  5:55  Probe  
  72  5:56  Phoenix, Probe  
  75  6:03  Pylon  
  77  6:04  Probe  
  77  6:06  Probe  
  79  6:20  Forge  
  79  6:21  Void Ray  
  79  6:22  Forge  
  79  6:25  Nexus  
  83  6:38  Void Ray  
  87  6:44  Protoss Ground Weapons Level 1  
  87  6:46  Protoss Ground Armor Level 1  
  87  6:47  Pylon  
  87  7:04  Pylon, Void Ray  
  87  7:07  Pylon  
  91  7:09  Observer  
  92  7:27  Fleet Beacon  
  92  7:28  Stargate  
  92  7:33  Probe  
  92  7:37  Probe  
  92  7:38  Probe  
  92  7:39  Gateway  
  92  7:41  Probe  
  95  7:48  Assimilator  
  95  7:49  Assimilator, Probe x2  
  95  7:51  Probe  
  98  7:58  Void Ray  
  99  7:59  Probe  
  99  8:01  Probe  
  99  8:03  Probe  
  106  8:08  Tempest  
  106  8:10  Probe  
  106  8:11  Tempest  
  112  8:13  Photon Cannon  
  112  8:14  Probe  
  112  8:15  Probe  
  112  8:17  Pylon  
  119  8:22  Probe  
  119  8:26  Protoss Air Weapons Level 1, Probe  
  121  8:27  Probe  
  122  8:34  Probe  
  122  8:36  Photon Cannon, Protoss Shields Level 1  
  122  8:37  Void Ray  
  122  8:38  Pylon  
  123  8:43  Photon Cannon  
  123  8:47  Phoenix, Pylon  
  127  8:54  Phoenix  
  131  9:06  Stargate  
  131  9:08  Stalker x2, Photon Cannon  
  135  9:10  Zealot  
  135  9:16  Pylon  
  127  9:19  Observer  
  109  9:30  Zealot  
  107  9:31  Zealot x2  
  107  9:36  Probe  
  107  9:38  Probe  
  96  9:48  Probe  
  96  9:50  Probe  
  96  9:52  Void Ray  
  100  9:54  Nexus, Void Ray  
  100  10:00  Probe  
  100  10:02  Probe  
  106  10:12  Probe  
  107  10:14  Probe  
  107  10:16  Void Ray  
  112  10:24  Probe  
  112  10:25  Void Ray  
  112  10:26  Probe  
  118  10:36  Probe  
  118  10:38  Probe  
  118  10:39  Void Ray  
  124  10:45  Stalker  
  124  10:47  Void Ray  
  124  10:48  Probe  
  127  10:50  Pylon  
  127  11:02  Phoenix  
  133  11:11  Twilight Council  
  133  11:25  Zealot x2  
  135  11:26  Stalker  
  135  11:27  Protoss Ground Weapons Level 2  
  139  11:38  Assimilator  
  139  11:44  Assimilator  
  139  11:45  Stalker x2  
  143  11:48  Stalker  
  144  11:55  Pylon  
  140  12:08  Zealot  
  140  12:13  Stalker, Zealot  
  115  12:24  Probe  
  115  12:28  Stalker  
  115  12:29  Probe  
  100  12:32  Stalker  
  100  12:36  Probe  
  99  12:41  Probe  
  99  12:47  Zealot  
  99  12:48  Probe  
  99  12:50  Zealot  
  92  13:22  Pylon  
Show
View Real Time Build Order
Export as new Build Order

A.I. 2 (Elite) Terran - Winner!

Build Orders:  

Get SALT Encoding   

  12  0:00  SCV  
  13  0:13  SCV  
  14  0:19  Supply Depot  
  14  0:25  SCV  
  15  0:40  SCV  
  16  0:45  Barracks  
  16  0:53  SCV  
  17  1:05  SCV  
  18  1:13  Refinery  
  18  1:16  Supply Depot  
  18  1:17  SCV  
  19  1:29  SCV  
  19  1:31  Marine  
  21  1:46  Command Center  
  21  2:10  SCV, Barracks  
  21  2:14  Marine  
  23  2:17  Factory  
  23  2:22  SCV  
  24  2:27  Supply Depot  
  24  2:33  Marine  
  24  2:34  SCV  
  26  2:46  SCV  
  26  2:51  Marine  
  28  2:57  Orbital Command  
  28  2:58  SCV  
  28  3:01  Factory Tech Lab  
  29  3:06  Refinery  
  29  3:14  Orbital Command  
  29  3:16  Marine  
  30  3:20  Marine  
  30  3:25  SCV  
  32  3:34  Marine  
  32  3:37  Marine  
  32  3:38  SCV  
  32  3:40  SCV  
  36  3:48  Barracks  
  36  3:50  SCV  
  36  3:52  SCV, Marine  
  39  3:56  Barracks Tech Lab  
  39  4:02  SCV  
  40  4:03  Starport  
  40  4:04  SCV  
  41  4:10  Barracks Tech Lab  
  41  4:14  SCV, Marine  
  41  4:15  Stimpack  
  41  4:16  SCV  
  44  4:23  Supply Depot  
  44  4:26  SCV  
  44  4:27  Combat Shield  
  44  4:28  SCV, Marine  
  47  4:32  Marine  
  47  4:34  Marine  
  47  4:38  SCV  
  50  4:40  Medivac  
  50  4:44  SCV  
  53  4:46  Marine  
  53  4:49  Supply Depot  
  53  4:50  SCV, Marine  
  53  4:52  Marine  
  57  4:53  Supply Depot  
  57  5:00  SCV  
  57  5:02  SCV  
  57  5:04  Marauder  
  61  5:07  Marine  
  61  5:12  SCV, Refinery  
  63  5:14  SCV, Refinery  
  64  5:23  Engineering Bay, Barracks Reactor  
  64  5:24  SCV  
  64  5:25  Marauder  
  64  5:27  Engineering Bay  
  64  5:28  Marauder  
  69  5:34  Command Center  
  69  5:45  SCV  
  69  5:47  Marauder  
  69  5:49  SCV  
  73  5:50  Supply Depot  
  73  5:51  Terran Infantry Weapons Level 1  
  73  5:53  Terran Infantry Armor Level 1  
  73  5:55  Marauder  
  75  5:57  SCV  
  75  6:03  SCV  
  77  6:09  SCV  
  77  6:10  Missile Turret  
  78  6:11  Marauder, Siege Tank  
  78  6:13  Supply Depot  
  78  6:15  SCV  
  78  6:17  Marauder  
  86  6:34  Missile Turret  
  86  6:35  SCV, Concussive Shells, Marauder  
  86  6:37  Supply Depot  
  86  6:38  Marauder  
  91  6:43  Siege Tank  
  91  6:45  Barracks, Starport Reactor  
  94  6:48  SCV x2  
  94  6:50  SCV  
  97  6:57  Marauder  
  97  7:00  SCV  
  100  7:02  SCV, Missile Turret, Orbital Command  
  100  7:08  Supply Depot  
  101  7:12  SCV  
  101  7:13  Missile Turret  
  101  7:14  SCV  
  101  7:15  Marauder, Siege Tank  
  105  7:21  Medivac  
  112  7:23  Marauder  
  112  7:24  SCV  
  112  7:29  SCV  
  114  7:30  SCV  
  114  7:31  Supply Depot  
  114  7:34  Missile Turret  
  114  7:36  SCV  
  116  7:39  Medivac  
  116  7:41  SCV  
  116  7:42  SCV  
  120  7:48  Armory, Widow Mine  
  122  7:53  SCV  
  122  7:54  SCV, Missile Turret  
  122  7:55  SCV  
  122  7:56  Supply Depot  
  125  8:05  SCV  
  126  8:06  SCV  
  126  8:07  SCV  
  126  8:09  Widow Mine  
  130  8:12  Refinery  
  130  8:16  Missile Turret  
  130  8:19  Missile Turret  
  130  8:22  Missile Turret, Command Center  
  130  8:26  Missile Turret  
  130  8:29  Missile Turret  
  130  8:30  Siege Tank  
  130  8:31  Supply Depot  
  133  8:35  Terran Infantry Weapons Level 2  
  133  8:37  SCV  
  133  8:39  Factory  
  133  8:43  Hi-Sec Auto Tracking  
  133  8:48  Starport  
  133  8:50  Missile Turret  
  133  8:55  Supply Depot  
  133  9:03  Widow Mine  
  133  9:05  Barracks  
  135  9:10  Refinery  
  135  9:12  Viking x2  
  137  9:19  Supply Depot  
  137  9:21  Marine  
  137  9:23  Marine x2  
  137  9:24  Factory Tech Lab, Marine, Widow Mine  
  129  9:25  Viking  
  129  9:26  Marine  
  114  9:38  Marine  
  114  9:40  Neosteel Armor, Marine, Planetary Fortress  
  114  9:41  Marine  
  114  9:42  Viking x2, Marine  
  114  9:44  Marine  
  112  9:45  Siege Tank  
  112  9:51  Marine  
  103  9:56  Starport Tech Lab, Marine  
  103  9:59  Marauder x2  
  108  10:00  Marine  
  108  10:02  Refinery, Marine  
  108  10:05  Siege Tank  
  113  10:12  Viking x2  
  117  10:14  Viking  
  117  10:20  Marauder x2  
  123  10:22  Missile Turret  
  123  10:27  Siege Tank, Marine  
  123  10:28  Marine  
  127  10:29  Terran Ship Weapons Level 1  
  127  10:34  Missile Turret  
  128  10:36  Refinery  
  128  10:39  Armory, Siege Tank  
  128  10:41  Marauder  
  128  10:42  Viking, Medivac  
  137  10:43  Marauder  
  137  10:44  Viking  
  141  10:58  Missile Turret  
  141  10:59  Missile Turret  
  141  11:00  Terran Infantry Weapons Level 3  
  141  11:03  Marauder  
  143  11:05  Marauder  
  143  11:10  Marine  
  146  11:12  Viking, Medivac, Marine  
  146  11:13  Siege Tank  
  146  11:14  Viking  
  146  11:15  Command Center  
  156  11:24  Marauder, Widow Mine  
  160  11:26  Terran Vehicle And Ship Armor Level 1, Marauder  
  160  11:28  Supply Depot  
  162  11:43  Missile Turret  
  164  11:48  Medivac  
  164  11:52  Medivac  
  164  11:54  Supply Depot  
  168  11:57  SCV  
  156  12:02  SCV  
  156  12:03  Missile Turret  
  156  12:05  SCV  
  151  12:09  SCV  
  151  12:10  Marauder  
  151  12:11  Missile Turret, Marauder  
  151  12:14  SCV  
  150  12:17  SCV, Viking, Marine  
  150  12:21  SCV, Supply Depot  
  150  12:22  Viking  
  144  12:27  SCV x2  
  144  12:29  SCV  
  142  12:31  Marauder  
  142  12:33  SCV, Marauder  
  140  12:39  SCV  
  140  12:42  Command Center  
  136  12:47  SCV, Viking  
  132  12:52  SCV, Viking  
  132  12:53  Marauder  
  132  12:54  SCV  
  132  12:55  SCV  
  125  12:59  SCV  
  125  13:04  SCV  
  126  13:08  SCV  
  126  13:10  SCV  
  129  13:13  SCV  
  129  13:17  Viking  
  128  13:20  SCV  
  128  13:22  SCV  
  121  13:32  SCV, Barracks Tech Lab  
  115  13:35  SCV  
  115  13:36  SCV  
  117  13:41  Viking  
  117  13:44  SCV  
  117  13:47  SCV, Viking  
  123  13:50  SCV  
  123  13:51  Marauder  
  126  13:57  SCV  
  126  13:58  SCV  
  126  13:59  SCV  
  126  14:02  SCV  
  130  14:09  SCV, Barracks  
  131  14:10  Barracks Tech Lab  
  131  14:11  SCV  
  135  14:19  Supply Depot  
Tags
 
Add a new tag
Caveats
  • Supply blocks, unpowered buildings, or Contaminate may cause inaccurate times.
  • Supply counts are checked every 10 seconds.